 Dungeon Crawl Stone Soup version 0.29-a0-283-ga02f740833 (webtiles) character file.

Game seed: 10487769472561381397

560 Dabor the Shield-Bearer (level 7, -2/44 HPs)
             Began as a Gargoyle Fighter on Mar 13, 2022.
             Slain by a wight
             ... wielding a +4 scimitar of freezing
              (6 damage)
             ... on level 5 of the Dungeon.
             The game lasted 00:03:58 (4151 turns).

Dabor the Shield-Bearer (Gargoyle Fighter)          Turns: 4151, Time: 00:03:58

Health: -2/44      AC: 16    Str: 21    XL:     7   Next: 31%
Magic:  7/7        EV:  9    Int:  9    God:
Gold:   208        SH:  4    Dex:  9    Spells: 6/6 levels left

rFire   . . .      SeeInvis .   a - +0 flail
rCold   . . .      Faith    .   c - +0 buckler
rNeg    + . .      Spirit   .   b - +0 scale mail
rPois   ∞          Reflect  .   B - +2 helmet
rElec   +          Harm     .   (no cloak)
rCorr   .          Rampage  .   (no gloves)
Will    .....                   f - +0 pair of boots
Stlth   ..........              (no amulet)
HPRegen 0.14/turn               (no ring)
MPRegen 0.10/turn               (no ring)

@: no status effects
A: sickness immunity, AC +4, negative energy resistance 1, electricity
resistance, torment resistance 1, petrification resistance
a: no special abilities


You were on level 5 of the Dungeon.
You visited 1 branch of the dungeon, and saw 5 of its levels.

You collected 208 gold pieces.

Inventory:

Hand Weapons
 a - a +0 flail (weapon)
Armour
 b - a +0 scale mail (worn)
 c - a +0 buckler (worn)
 f - a +0 pair of boots (worn)
 B - a +2 helmet (worn)
Wands
 s - a wand of digging (2)
 u - a wand of iceblast (21)
Scrolls
 g - a scroll of acquirement {unknown}
 h - a scroll of blinking
 i - 2 scrolls of identify {unknown}
 n - a scroll of fog {unknown}
 o - 2 scrolls of magic mapping
 p - 2 scrolls of fear {unknown}
 q - a scroll of enchant armour {unknown}
 t - a scroll of torment {unknown}
 x - a scroll of teleportation {unknown}
 y - a scroll of silence {unknown}
 A - a scroll of enchant weapon {unknown}
Potions
 d - 2 potions of degeneration {unknown}
 e - 2 potions of flight {unknown}
 j - 2 potions of brilliance {unknown}
 k - 3 potions of curing
 l - a potion of resistance {unknown}
 m - 3 potions of lignification {unknown}
 r - a potion of cancellation {unknown}
 v - a potion of haste {unknown}
 w - a potion of attraction {unknown}
 z - a potion of ambrosia {unknown}


   Skills:
 + Level 5.2 Fighting
 + Level 4.2 Maces & Flails
 + Level 5.2 Armour
 + Level 5.3 Shields


You had 6 spell levels left.
You didn't know any spells.
Your spell library contained the following spells:

 Spells                   Type           Power      Damage    Failure   Level
 Apportation              Tloc           0%         N/A       80%         1
 Corpse Rot               Necr/Air       0%         N/A       90%         2
 Poisonous Vapours        Pois/Air       0%         N/A       90%         2
 Call Canine Familiar     Summ           0%         N/A       99%         3
 Gell's Gravitas          Tloc           0%         N/A       99%         3
 Portal Projectile        Hex/Tloc       0%         N/A       99%         3
 Stone Arrow              Conj/Erth      0%         3d7       99%         3
 Animate Armour           Summ/Erth      0%         N/A       100%        4
 Leda's Liquefaction      Hex/Erth       0%         N/A       100%        4
 Olgreb's Toxic Radiance  Pois           0%         N/A       100%        4
 Freezing Cloud           Conj/Ice/Air   0%         6-21      100%        5
 Simulacrum               Ice/Necr       0%         N/A       100%        6
 Malign Gateway           Summ/Tloc      0%         N/A       100%        7
 Ozocubu's Refrigeration  Ice            0%         4d5       100%        7
 Ignition                 Fire           0%         3d3       100%        8
 Lehudib's Crystal Spear  Conj/Erth      0%         10d2      100%        8
 Death's Door             Necr           0%         N/A       100%        9
 Polar Vortex             Ice            0%         N/A       100%        9


Dungeon Overview and Level Annotations

Branches:
Dungeon (5/15)
 Temple: D:4-7

Altars:


Innate Abilities, Weirdness & Mutations

You are immune to sickness and miasma.
Your stone body is resilient. (AC +4)
You are immune to poison.
You resist negative energy. (rN+)
You are resistant to electric shocks. (rElec)
You are resistant to unholy torment.
You are immune to petrification.


Message History

The wight freezes you. The wight closely misses you.
The wight hits you but does no damage. The wight completely misses you.
You barely miss the wight.
The wight is lightly damaged.
You block the wight's attack. The wight hits you but does no damage.
You see here 17 gold pieces.
You now have 208 gold pieces (gained 17).
The wight hits you but does no damage.
You hit the wight but do no damage.
The wight hits you with a +5 short sword.
You are too injured to fight recklessly!
You are too injured to fight recklessly!
You closely miss the wight. The wight hits you but does no damage.
You closely miss the wight.
The wight hits you with a +5 short sword.
You feel better.
The wight hits you with a +5 short sword.
You hit the wight.
The wight is moderately damaged.
The wight hits you with a +5 short sword.
The wight closely misses you.
You barely miss the wight.
The wight is moderately damaged.
You block the wight's attack.
You hit the wight.
The wight is heavily damaged.
You block the wight's attack.
You hit the wight.
The wight is heavily damaged.
The wight completely misses you.
You closely miss the wight.
The wight is heavily damaged.
The wight closely misses you.
Okay, then.
You sock the wight!
You destroy the wight!
The wight hits you with a +4 scimitar of freezing!
* * * LOW HITPOINT WARNING * * *
The wight freezes you.
You die...

##.......#
#.......#
##)#######
#..#
#...#.#
#######.#
........#
#######z#
#@# #.#
..# ####


You could see a wight.

Vanquished Creatures
  Grinder (D:3)
  Eustachio (D:4)
  2 wights (D:5)
  A hound (D:4)
  Ijyb (D:4)
  The ghost of iamserjio the Insei, a weakling OpTm (D:3)
  3 gnolls (D:3)
  2 adders
  3 dart slugs
  3 orcs (D:3)
  5 bats
  An endoplasm (D:3)
  A giant cockroach (D:2)
  7 goblins
  A hobgoblin (D:1)
  14 jackals
  4 quokkas
  6 ball pythons
  5 frilled lizards
  6 kobolds
  2 rats
70 creatures vanquished.

Vanquished Creatures (others)
  3 demonic plants (D:1)
  A fungus (D:1)
  A plant (D:1)
  3 withered plants
8 creatures vanquished.

Grand Total: 78 creatures vanquished

Notes
Turn   | Place    | Note
-------+----------+-------------------------------------------
     0 | D:1      | Dabor the Gargoyle Fighter began the quest for the Orb.
     0 | D:1      | Reached XP level 1. HP: 14/14 MP: 1/1
   284 | D:1      | Reached XP level 2. HP: 19/19 MP: 2/2
   669 | D:1      | Found a faded altar of an unknown god.
   700 | D:1      | Reached XP level 3. HP: 21/23 MP: 3/3
  1690 | D:3      | Noticed Grinder
  1699 | D:3      | Paralysed by Grinder for 2 turns
  1701 | D:3      | Killed Grinder
  1702 | D:3      | Reached XP level 4. HP: 6/30 MP: 4/4
  1702 | D:3      | Reached XP level 5. HP: 7/34 MP: 5/5
  1702 | D:3      | Reached XP level 6. HP: 8/39 MP: 6/6
  2231 | D:3      | Got the Papyrus of Displacement and Evil Magic
  2232 | D:3      | Found a runed translucent door.
  2234 | D:3      | Noticed iamserjio's ghost (weakling OpTm)
  2859 | D:3      | Killed iamserjio's ghost
  3064 | D:4      | Noticed Eustachio
  3103 | D:4      | Killed Eustachio
  3104 | D:4      | Reached skill level 5 in Fighting
  3104 | D:4      | Reached skill level 5 in Armour
  3104 | D:4      | Reached skill level 5 in Shields
  3104 | D:4      | Reached XP level 7. HP: 30/44 MP: 7/7
  3242 | D:4      | Noticed Ijyb
  3262 | D:4      | Killed Ijyb
  4111 | D:5      | Entered Level 5 of the Dungeon
  4151 | D:5      | Slain by a wight

Illustrated notes

Levels and vault maps discovered:
D:1:      lightli_arrival_farm, layout_loops_ring, shapermc_ecumenical_altar_gd
D:2:      layout_loops_ring, minmay_pentomino_o2
D:3:      kb_forest_paths, layout_basic, gammafunk_ghost_grave, uniq_grinder
D:4:      layout_basic, roderic_lattice_a, uniq_ijyb, uniq_eustachio
D:5:      layout_loops_ring, gup_sewer_entry_bubbles, uniq_duvessa

Skill      XL: |  1  2  3  4  5  6  7 |
---------------+----------------------+-----
Fighting       | 4 5 |  5.2
Maces & Flails | 3 4 |  4.2
Armour         | 4 5 |  5.2
Shields        | 4 5 |  5.3

Action                   |  1- 3 |  4- 6 |  7- 9 || total
-------------------------+-------+-------+-------++-------
Melee: Flail             |   113 |    98 |    75 ||   286
  Use: Potion            |     1 |     1 |     1 ||     3
       Scroll            |       |     2 |       ||     2
Armor: Scale mail        |    73 |    52 |    53 ||   178
Dodge: Dodged            |    66 |    45 |    48 ||   159
Block: Buckler           |    35 |    20 |    19 ||    74

Table legend: (Time is in decaauts)
 A = Elapsed time spent in this place.
 B = Non-inter-level travel time spent in this place.
 C = Inter-level travel time spent in this place.
 D = Time resting spent in this place.
 E = Time spent auto-exploring this place.
 F = Levels seen in this place.
 G = Mean time per level.
                   A        B        C        D        E       F      G
               +--------+--------+--------+--------+--------+-----+--------+
         Total |   4235 |   3989 |    246 |    326 |   3027 |   5 |  847.0 |
       Dungeon |   4235 |   3989 |    246 |    326 |   3027 |   5 |  847.0 |
               +--------+--------+--------+--------+--------+-----+--------+

Top non-repeatable levels by time:
     D:3: 1273 daAuts
     D:4: 1207 daAuts
     D:1: 1153 daAuts
     D:2: 556 daAuts
     D:5: 44 daAuts
